AoeStats
← 文風

Marketplace

505959550Analyzed
1v1 RM · 21d ago on Sep 11, 2026· 42m 5s· 2 players
Game mode
Random Map
Map size
Tiny (2 player)
Population
200
Speed
Normal
Resources
Standard
Victory
Conquest
Starting age
Dark Age
Ending age
Imperial Age
RankedLock teamsTeams togetherTeam positionsShared explorationLock speedFull tech treeHidden civsTurbo modeCheats
Victory
Defeat
🇫🇷 Portuguese · France
1434
+16
🇭🇰 Spanish · Hong Kong SAR China
1425
-16
文風
3:19 Loom
11:50 Feudal Age
13:35 Loom
16:13 Castle Age
15:08 Double-Bit Axe
18:32 Bow Saw
21:49 Wheelbarrow
22:27 Horse Collar
24:38 Heavy Plow
24:44 Stone Mining
25:46 Gold Mining
25:47 Town Watch
32:59 Imperial Age
31:49 Padded Archer Armor
31:40 Fletching
31:50 Scale Mail Armor
32:01 Forging
31:19 Elite Skirmisher
31:25 Pikeman
32:06 Squires
32:45 Ballistics
32:44 Hand Cart
33:00 Leather Archer Armor
33:47 Bodkin Arrow
34:23 Ring Archer Armor
33:53 Bodkin Arrow
35:15 Chemistry
37:18 Chain Mail Armor
37:03 Bracer
38:40 Chain Mail Armor
39:01 Iron Casting
38:21 Halberdier
dariabirg
5:39 Loom
9:21 Feudal Age
10:48 Wheelbarrow
11:31 Double-Bit Axe
12:40 Horse Collar
19:47 Castle Age
18:12 Gold Mining
19:35 Fletching
20:25 Bodkin Arrow
19:51 Crossbowman
21:34 Bow Saw
23:07 Redemption
28:56 Imperial Age
27:48 Ballistics
27:36 Heavy Plow
28:07 Padded Archer Armor
28:29 Town Watch
29:37 Bracer
32:00 Chemistry
32:18 Hand Cart
33:42 Conscription
33:17 Arbalester
34:45 Thumb Ring
36:31 Leather Archer Armor
36:52 Cavalier
37:43 Bloodlines
37:34 Husbandry
37:41 Scale Barding Armor
39:08 Chain Barding Armor
39:21 Forging
40:44 Plate Barding Armor
42:33 Iron Casting
Connection lost

Rejoining the realm…

Still unreachable

The connection could not be restored.

Session expired

The server has moved on; the page needs a fresh start.